 Dungeon Crawl Stone Soup version 0.22-a0-445-g8c8ef71062 (webtiles) character file.

1160 KarmaPolice the Slinger (level 8, -7/54 HPs)
             Began as a Halfling Hunter on May 30, 2018.
             Was a Follower of Wu Jian.
             Killed from afar by an electric eel (11 damage)
             ... with a bolt of electricity
             ... on level 6 of the Dungeon on June 2, 2018.
             The game lasted 00:22:43 (7266 turns).

KarmaPolice the Slinger (Halfling Hunter)           Turns: 7266, Time: 00:22:43

Health: -7/54      AC:  5    Str: 14    XL:     8   Next: 66%
Magic:  8/8        EV: 14    Int:  9    God:    Wu Jian [*.....]
Gold:   298        SH:  0    Dex: 16    Spells: 7/7 levels left

rFire    . . .     SeeInvis .   b - +2 whip (venom)
rCold    . . .     Gourm    .   (shield restricted)
rNeg     . . .     Faith    .   c - +0 leather armour
rPois    .         Spirit   .   t - +0 helmet
rElec    .         Reflect  .   (no cloak)
rCorr    .         Harm     .   y - +0 pair of gloves
MR       .....                  (no boots)
Stlth    ++........             (no amulet)
HPRegen  0.18/turn              (no ring)
MPRegen  0.11/turn              (no ring)

@: no status effects
A: small, mutation resistance 1
a: Renounce Religion


You were on level 6 of the Dungeon.
You worshipped Wu Jian.
Wu Jian was aware of your devotion.
You were not hungry.

You visited 1 branch of the dungeon, and saw 6 of its levels.

You collected 298 gold pieces.

Inventory:

Hand Weapons
 a - a +1 hunting sling
 b - a +2 whip of venom (weapon)
 p - a +1 dagger of venom
 A - a +0 short sword of flaming
Missiles
 d - 70 sling bullets
 e - 197 stones (quivered)
 l - 4 needles of sleeping
Armour
 c - a +0 leather armour (worn)
 t - a +0 helmet (worn)
 y - a +0 pair of gloves (worn)
 H - the +0 scale mail of Amorality {*Slow Regen+ SInv, unknown}
   (You found it on level 6 of the Dungeon)

   It lets you see invisible.
   It increases your rate of regeneration.
   It may slow you when you take damage.
 I - the +3 scale mail of the Falcon {rC++ Str+4 Dex+2 Slay-3, unknown}
   (You found it on level 6 of the Dungeon)

   It affects your strength (+4).
   It affects your dexterity (+2).
   It affects your accuracy and damage with ranged weapons and melee attacks
   (-3).
   It greatly protects you from cold.
Jewellery
 h - a +4 ring of intelligence {unknown}
 j - an uncursed ring of resist corrosion {unknown}
 z - the ring "Hiyt" {rF- Int+9 SInv, unknown}
   (You took it off a gnoll on level 6 of the Dungeon)

   [ring of see invisible]

   It affects your intelligence (+9).
   It makes you vulnerable to fire.
   It lets you see invisible.
Scrolls
 g - 2 scrolls of enchant weapon {unknown}
 i - a scroll of immolation {unknown}
 m - 8 scrolls of identify {unknown}
 q - 3 scrolls of magic mapping {unknown}
 r - 2 scrolls of noise {unknown}
 s - 6 scrolls of teleportation {unknown}
 u - 6 scrolls of remove curse {unknown}
 w - a scroll of random uselessness {unknown}
 x - a scroll of amnesia {unknown}
 F - a scroll of enchant armour {unknown}
Potions
 k - a potion of heal wounds
 n - a potion of curing {unknown}
 o - a potion of magic {unknown}
 v - a potion of mutation {unknown}
 B - a potion of degeneration {unknown}
 C - a potion of brilliance {unknown}
 D - a potion of might
 E - a potion of flight {unknown}
Comestibles
 f - 6 rations


   Skills:
 - Level 3.7 Fighting
 + Level 7.0 Short Blades
 + Level 10.2 Slings
 + Level 2.9 Armour
 - Level 2.1 Dodging
 - Level 1.1 Stealth


You had 7 spell levels left.
You didn't know any spells.
Your spell library was empty.

Dungeon Overview and Level Annotations

Branches:
Dungeon (6/15)             Temple (0/1) D:5

Altars:
Cheibriados
Wu Jian
The Shining One

Annotations:
D:5 exclusion: oklob sapling, eLGassi's ghost, novice DECj


Innate Abilities, Weirdness & Mutations

You are small and have problems with some larger weapons.
You are somewhat resistant to further mutation.


Message History

A giant cockroach comes into view.
The crimson imp shouts!
The electric eel shoots out a bolt of lightning at you!
The bolt of electricity misses you.
The crimson imp blinks!
You hit the electric eel.
The electric eel is moderately wounded.
The electric eel shoots out a bolt of lightning at you!
The bolt of electricity hits you! x2
You hit the electric eel.
The electric eel is poisoned.
The electric eel is heavily wounded.
The electric eel shoots out a bolt of lightning at you!
The bolt of electricity hits you! x2
* * * LOW HITPOINT WARNING * * *
You barely miss the electric eel.
The electric eel is severely wounded.
The crimson imp hits you but does no damage.
The electric eel shoots out a bolt of lightning at you!
The bolt of electricity hits you!
You die...

##.... #♣≈≈≈P≈≈ ###..
.♣≈≈≈P≈P ≈♣ . #.# ..≈≈P≈≈P P≈
♣♣. #.#...♣≈≈≈≈≈♣≈ ♣.#
######.#...♣≈P♣≈≈≈≈ ♣.#
............s≈♣≈≈≈♣♣♣#.#
.....(.#......≈≈♣≈≈.##.#
.....#.........≈♣;..##.#
..).............@5...#.##
.....#..#..........#.#..##
.....##.#..........#.....##
....###..#####............#
....# ##.## ########...#.###
....####..#############.._..#
[.......................#.#.#
#######.......#######.......#
#.......# #......##


You could see an electric eel, a crimson imp and a giant cockroach.

Vanquished Creatures
  Edmund (D:4)
  A phantom (D:5)
  3 ogres
  2 centaurs (D:6)
  A scorpion (D:4)
  A crimson imp (D:5)
  A jelly (D:6)
  4 orc priests
  A hound (D:5)
  An iguana (D:4)
  2 hound skeletons (D:6)
  6 gnolls
  7 adders
  An ooze (D:5)
  A worm (D:5)
  A dart slug (D:1)
  3 leopard geckos
  10 orcs
  10 bats
  3 giant cockroaches
  8 goblins
  8 hobgoblins
  5 jackals (D:1)
  3 kobolds
  5 quokkas
  5 ball pythons
  7 frilled lizards
  A giant cockroach zombie (D:5)
  10 rats
112 creatures vanquished.

Vanquished Creatures (others)
  2 plants (D:6)
2 creatures vanquished.

Grand Total: 114 creatures vanquished

Notes
Turn   | Place    | Note
-------+----------+-------------------------------------------
     0 | D:1      | KarmaPolice the Halfling Hunter began the quest for the Orb.
     0 | D:1      | Reached XP level 1. HP: 14/14 MP: 1/1
     3 | D:1      | Noticed an electric eel
     3 | D:1      | Noticed an electric eel
    85 | D:1      | Reached skill level 6 in Slings
    85 | D:1      | Reached XP level 2. HP: 5/19 MP: 2/2
   318 | D:1      | Reached skill level 1 in Short Blades
   642 | D:1      | Reached XP level 3. HP: 19/24 MP: 3/3
   942 | D:2      | Reached XP level 4. HP: 27/30 MP: 4/4
  1656 | D:2      | Reached skill level 7 in Slings
  1822 | D:2      | Reached XP level 5. HP: 35/35 MP: 5/5
  1868 | D:2      | Found an ornate altar of the Wu Jian Council.
  1885 | D:2      | Became a worshipper of the Wu Jian Council
  3329 | D:4      | Reached XP level 6. HP: 38/40 MP: 6/6
  3344 | D:4      | Reached skill level 8 in Slings
  4059 | D:4      | Noticed Edmund
  4084 | D:4      | Killed Edmund
  4084 | D:4      | Reached skill level 5 in Short Blades
  4084 | D:4      | Reached XP level 7. HP: 27/45 MP: 7/7
  4213 | D:4      | Found a glowing golden altar of the Shining One.
  4539 | D:5      | Entered Level 5 of the Dungeon
  4696 | D:5      | Noticed eLGassi's ghost (novice DECj)
  4858 | D:5      | Reached * piety under Wu Jian
  4969 | D:6      | Reached skill level 9 in Slings
  5440 | D:6      | Reached XP level 8. HP: 20/54 MP: 8/8
  5793 | D:5      | Reached skill level 1 in Armour
  6111 | D:5      | Found a staircase to the Ecumenical Temple.
  6385 | D:6      | Reached skill level 10 in Slings
  6472 | D:6      | Upgraded the game from 0.22-a0-441-gcf5b0c64b7 to 0.22-a0-443-g17c3723931
  6472 | D:6      | Upgraded the game from 0.22-a0-443-g17c3723931 to 0.22-a0-445-g8c8ef71062
  6510 | D:6      | Got a clouded glass ring
  6571 | D:6      | Paralysed by a crimson imp for 2 turns
  6586 | D:5      | Paralysed by a crimson imp for 7 turns
  7205 | D:6      | Got a fine scale mail
  7211 | D:6      | Got a pitted scale mail
  7236 | D:6      | Found a snail-covered altar of Cheibriados.
  7266 | D:6      | Killed from afar by an electric eel

Vault maps used:
D:1:      arrival_aquarium_b
D:2:      lemuel_doored_altar, first_ration, dk_noncrumbling_4, glass_columns_c
D:3:      kennysheep_nondescript
D:4:      tso_oasis_becter, uniq_edmund
D:5:      lemuel_round_altar, minmay_temple_entry_oklob, goddamned_bats
D:6:      lemuel_crystal_altar, okawaru_trees_2, serial_bayou_lake_a

Skill      XL: |  1  2  3  4  5  6  7  8 |
---------------+-------------------------+-----
Fighting       | 2 3 |  3.7
Slings         | 6 7 8 9 10 | 10.2
Short Blades   | 1 2 3 4 5 6 7 |  7.0
Armour         | 2 |  2.9
Dodging        | |  2.1
Stealth        | |  1.1

Action                   |  1- 3 |  4- 6 |  7- 9 || total
-------------------------+-------+-------+-------++-------
Melee: Short sword       |   125 |   140 |    34 ||   299
       Whip              |       |    47 |   144 ||   191
 Fire: Hunting sling     |       |     6 |    12 ||    18
Invok: Lunge             |       |     9 |    11 ||    20
       Whirlwind         |       |       |     4 ||     4
  Use: Potion            |       |     2 |     1 ||     3
 Stab: Sleeping          |     1 |     6 |     2 ||     9
  Eat: Chunk             |       |     7 |     7 ||    14
       Ration            |       |     1 |     1 ||     2
Armor: Leather armour    |    28 |    35 |    38 ||   101
Dodge: Dodged            |    98 |   129 |   130 ||   357

Table legend:
 A = Spawn XP
 B = Non-spawn XP
 C = Spawn XP percentage of total XP
 D = Spawn monster count
 E = Non-spawn monster count
 F = Spawn count percentage of total count
 G = Total turns spent on level
                    A         B        C        D         E        F      G
               +---------+---------+-------+---------+---------+-------+---------
         Total |       0 |    1658 |   0.0 |       0 |     112 |   0.0 |  7266
               +---------+---------+-------+---------+---------+-------+---------
           D:1 |       0 |      46 |   0.0 |       0 |      24 |   0.0 |   874
           D:2 |       0 |      94 |   0.0 |       0 |      24 |   0.0 |  1123
           D:3 |       0 |      68 |   0.0 |       0 |      16 |   0.0 |  1289
           D:4 |       0 |     474 |   0.0 |       0 |      18 |   0.0 |  1515
           D:5 |       0 |     385 |   0.0 |       0 |      17 |   0.0 |  1833
           D:6 |       0 |     591 |   0.0 |       0 |      13 |   0.0 |   632
               +---------+---------+-------+---------+---------+-------+---------
